[Event "Titled Tuesday Blitz March 21 Late 2023"]
[White "Romkachess"]
[Black "Fernandez Siles, Luis"]
[BlackFideId "2209420"]
[WhiteElo "2532"]
[BlackElo "2186"]
[Result "0-1"]
[Round "02"]
[TimeControl "180+2"]
[Date "2023.03.21"]
[WhiteClock "0:00:07"]
[BlackClock "0:00:10"]

1. e4 c5 2. Nc3 Nc6 3. g3 g6 4. Bg2 Bg7 5. Nge2 Nf6 6. O-O O-O 7. h3 Rb8 8. a4 a6 9. f4 d6 10. d3 Ne8 11. g4 Nd4 12. Nd5 b5 13. axb5 axb5 14. c3 Nxe2+ 15. Qxe2 e6 16. Ne3 b4 17. Bd2 bxc3 18. bxc3 Rb2 19. Rfb1 Qb6 20. Qe1 Rxb1 21. Rxb1 Qa6 22. Nc4 Qa4 23. Nb6 Qa6 24. Nxc8 Qxc8 25. g5 Qa6 26. Bf1 Qa2 27. Ra1 Qc2 28. Rc1 Qb2 29. Rb1 Qa3 30. Qd1 Bxc3 31. Rb3 Bd4+ 32. Kg2 Qa2 33. Kf3 f6 34. gxf6 Nxf6 35. Rb7 Nh5 36. Kg4 Nf6+ 37. Kf3 Nh5 38. Kg4 e5 39. f5 Nf4 40. Bxf4 exf4 41. Qb3+ Qxb3 42. Rxb3 gxf5+ 43. exf5 Be5 44. Bg2 Kg7 45. Bd5 Kf6 46. Rb7 h5+ 47. Kf3 Kxf5 48. Rh7 Kg6 49. Be4+ Kg5 50. Rd7 Rb8 51. Bd5 Rb2 52. Ke4 Re2+ 53. Kf3 Re3+ 54. Kf2 Rxh3 55. Be4 Rh2+ 56. Kf3 Rh3+ 57. Kf2 Bd4+ 58. Kf1 Be5 59. Rd8 Rg3 60. Rg8+ Kf6 61. Rf8+ Ke7 62. Rf5 h4 63. Rh5 h3 64. Bd5 Rxd3 65. Rh7+ Kf6 66. Be4 Re3 67. Bd5 Bd4 68. Rh6+ Ke5 69. Rh5+ Kf6 70. Rh6+ Kg5 71. Rh7 Ra3 72. Ke1 Rc3 73. Ke2 Re3+ 74. Kf1 Be5 75. Rh8 Rc3 76. Rg8+ Kh4 77. Rg6 Rc1+ 78. Kf2 Rc2+ 79. Kf3 Rc3+ 80. Ke4 Re3+ 81. Kf5 h2 82. Rh6+ Kg3 83. Rg6+ Kf2 84. Rh6 Kg1 85. Rg6+ Rg3 86. Rh6 c4 87. Be4 c3 88. Rh7 c2 89. Rc7 h1=Q 90. Rxc2 Qh7+ 91. Ke6 Qxe4 92. Rc1+ Kh2 0-1


[Site "https://www.chess.com"]

[Event "Titled Tuesday Blitz March 21 Late 2023"]
[White "Martic, Ivan"]
[Black "Garcia Cuenca, Victor"]
[WhiteFideId "929301"]
[BlackFideId "2250829"]
[WhiteElo "2360"]
[BlackElo "2329"]
[Result "1/2-1/2"]
[Round "02"]
[TimeControl "180+2"]
[Date "2023.03.21"]
[WhiteClock "0:01:11"]
[BlackClock "0:00:10"]

1. e4 c6 2. d4 d5 3. e5 g6 4. h4 h5 5. Nd2 Nh6 6. Nb3 b6 7. c4 dxc4 8. Bxc4 Ba6 9. Bxa6 Nxa6 10. Nf3 Nf5 11. e6 f6 12. O-O Nc7 13. Re1 Qd5 14. Qe2 Bh6 15. Bxh6 Rxh6 16. Rac1 Rd8 17. Rc3 Rd6 18. Qc2 Nxe6 19. Rc1 Nexd4 20. Nbxd4 Nxd4 21. Nxd4 Qxd4 22. Rxc6 Rxc6 23. Qxc6+ Kf7 24. g3 Rh8 25. Re1 Re8 26. Qe6+ Kf8 27. Re2 Qd6 28. Qe4 Kf7 29. Qc4+ e6 30. Qb3 Re7 31. Qe3 Rd7 32. Kh2 e5 33. Qh6 Qd3 34. Qh7+ Ke6 35. Qg8+ Kf5 36. Re3 Qf1 37. Rf3+ Ke4 38. Qb3 Rd1 39. Re3+ Kf5 40. Qc2+ Ke6 41. Qc8+ Ke7 42. Qb7+ Ke6 43. Qc6+ Ke7 44. Qb7+ Ke6 45. Qc8+ Ke7 46. Qc7+ Ke6 47. Qc6+ Ke7 48. Qc7+ Ke6 49. Qc6+ 1/2-1/2


[Site "https://www.chess.com"]

[Event "Titled Tuesday Blitz March 21 Late 2023"]
[White "Kalajzic, Ivan"]
[Black "Vovk, Orest"]
[WhiteFideId "14506378"]
[BlackFideId "14113490"]
[WhiteElo "2203"]
[BlackElo "2215"]
[Result "0-1"]
[Round "02"]
[TimeControl "180+2"]
[Date "2023.03.21"]
[WhiteClock "0:01:41"]
[BlackClock "0:02:36"]

1. b3 Nf6 2. Bb2 Rg8 3. c4 g5 4. Nc3 g4 5. g3 c5 6. Bg2 Nc6 7. a3 b6 8. e3 Bb7 9. Nge2 Qc7 10. d4 Nxd4 11. Nxd4 Bxg2 12. Ndb5 Qb7 13. Rg1 Bf3 14. Qd2 a6 0-1


[Site "https://www.chess.com"]

[Event "Titled Tuesday Blitz March 21 Late 2023"]
[White "Pniaczek, Marek"]
[Black "Arencibia Monduy, Antonio"]
[WhiteFideId "21800421"]
[BlackFideId "3507939"]
[WhiteElo "2138"]
[BlackElo "2526"]
[Result "1-0"]
[Round "02"]
[TimeControl "180+2"]
[Date "2023.03.21"]
[WhiteClock "0:01:08"]
[BlackClock "0:00:28"]

1. e4 c5 2. Nf3 d6 3. d4 cxd4 4. Qxd4 Nc6 5. Bb5 Bd7 6. Bxc6 Bxc6 7. Nc3 e6 8. Bg5 Qc7 9. O-O-O h6 10. Bh4 e5 11. Nd5 Bxd5 12. Qxd5 Rc8 13. Rd2 g5 14. Bg3 Nf6 15. Qd3 Be7 16. Kb1 Qc6 17. Re1 Qc4 18. Qe3 b6 19. h4 g4 20. Ng1 h5 21. f4 Nd7 22. fxe5 dxe5 23. Ne2 Bb4 24. c3 Be7 25. Red1 Rc7 26. Nd4 exd4 27. Rxd4 Qc6 28. Bxc7 Qxc7 29. Rxd7 Qxd7 30. Rxd7 Bc5 31. Qd3 O-O 32. Qd5 1-0


[Site "https://www.chess.com"]

[Event "Titled Tuesday Blitz March 21 Late 2023"]
[White "Omelja, Artem"]
[Black "Shtompel, Yuriy"]
[WhiteFideId "14119846"]
[BlackFideId "14168278"]
[WhiteElo "2404"]
[BlackElo "1844"]
[Result "1-0"]
[Round "02"]
[TimeControl "180+2"]
[Date "2023.03.21"]
[WhiteClock "0:00:56"]
[BlackClock "0:00:02"]

1. e4 c5 2. Nf3 d6 3. Bb5+ Nd7 4. O-O a6 5. Bd3 Ngf6 6. c4 g6 7. Nc3 Bg7 8. Re1 O-O 9. Bc2 Ne5 10. Nxe5 dxe5 11. d3 e6 12. Be3 Qc7 13. a4 Bd7 14. a5 Bc6 15. Ba4 Nd7 16. Bxc6 Qxc6 17. Qa4 Qxa4 18. Nxa4 Rac8 19. Ra3 Rfd8 20. Rb3 Rc7 21. Kf1 Bf8 22. Ke2 Nb8 23. Rb6 Nd7 24. Rb3 Nb8 25. Ra1 Be7 26. Raa3 Nc6 27. Nxc5 Nd4+ 28. Bxd4 exd4 29. Rxb7 Rdc8 30. Rxc7 Rxc7 31. Nxa6 Ra7 32. c5 Rxa6 33. b4 Ra8 34. a6 Kf8 35. Kd2 Ke8 36. Kc2 Rb8 37. a7 Ra8 38. Kb3 Kd7 39. Kc4 Kc7 40. b5 Kb7 41. b6 Kc6 42. Ra5 e5 43. Rb5 Kb7 44. c6+ Kxc6 45. b7 Rxa7 46. b8=Q Ra4+ 47. Kb3 Ra3+ 48. Kc2 Rc3+ 49. Kd2 Kd7 50. Rd5+ Ke6 51. Qb6+ 1-0


[Site "https://www.chess.com"]

[Event "Titled Tuesday Blitz March 21 Late 2023"]
[White "Korkmaz, Necmettin"]
[Black "Jiganchine, Roman"]
[WhiteFideId "6303285"]
[BlackFideId "2603667"]
[WhiteElo "2097"]
[BlackElo "2314"]
[Result "1-0"]
[Round "02"]
[TimeControl "180+2"]
[Date "2023.03.21"]
[WhiteClock "0:00:21"]
[BlackClock "0:00:02"]

1. e4 c6 2. d4 d5 3. Nc3 dxe4 4. Nxe4 Nf6 5. Nxf6+ exf6 6. c3 Bd6 7. Bd3 Na6 8. Qc2 h5 9. Ne2 Nc7 10. O-O Nd5 11. Re1 O-O 12. a3 Re8 13. c4 Nc7 14. Be3 b5 15. cxb5 cxb5 16. Nc3 Rb8 17. Rad1 Bg4 18. f3 Be6 19. d5 Bd7 20. Bxa7 Rb7 21. Bf2 b4 22. Ne4 b3 23. Qd2 Be5 24. d6 Ne6 25. Bb1 Bf4 26. Qd3 f5 27. Nc5 Nxc5 28. Bxc5 Bb5 29. Qxf5 Rxe1+ 30. Rxe1 Bxh2+ 31. Kh1 g6 32. Qe4 Bg3 33. Rd1 Kg7 34. Bd4+ Kh7 35. Be5 Bc6 36. Qd4 Rb4 37. Qxb4 Bxe5 38. Qc4 Qg5 39. Qxf7+ Kh6 40. Qxg6+ Qxg6 41. Bxg6 Kxg6 42. d7 Bf6 43. d8=Q Bxd8 44. Rxd8 1-0


[Site "https://www.chess.com"]

[Event "Titled Tuesday Blitz March 21 Late 2023"]
[White "K2JW"]
[Black "Ben Artzi, Ido"]
[BlackFideId "2810913"]
[WhiteElo "2313"]
[BlackElo "2204"]
[Result "0-1"]
[Round "02"]
[TimeControl "180+2"]
[Date "2023.03.21"]
[WhiteClock "0:00:03"]
[BlackClock "0:00:09"]

1. d4 Nf6 2. c4 c5 3. d5 b5 4. cxb5 a6 5. e3 g6 6. Nc3 Bg7 7. Nf3 O-O 8. Be2 Bb7 9. O-O e6 10. e4 exd5 11. exd5 d6 12. Bg5 axb5 13. Bxb5 Na6 14. Bc4 Nc7 15. Qd2 Qc8 16. Rfd1 Qf5 17. Bd3 Qd7 18. Bc4 Rfe8 19. a4 Ne4 20. Nxe4 Rxe4 21. Bb3 Rb4 22. Ra3 Qf5 23. Be7 Qd7 24. Bg5 Re8 25. a5 Ba6 26. Be3 Nb5 27. Ba4 Rxb2 28. Qe1 Qb7 29. Rb1 Nxa3 30. Rxb2 Bxb2 31. Bxe8 Qe7 32. Bc6 c4 33. h3 c3 34. Nd4 c2 35. Nxc2 Nxc2 36. Qd2 Qe4 0-1


[Site "https://www.chess.com"]

[Event "Titled Tuesday Blitz March 21 Late 2023"]
[White "Vifleemskaia, Svetlana"]
[Black "Papayan, Oleg"]
[WhiteFideId "4129490"]
[BlackFideId "4193911"]
[WhiteElo "1930"]
[BlackElo "2153"]
[Result "0-1"]
[Round "02"]
[TimeControl "180+2"]
[Date "2023.03.21"]
[WhiteClock "0:00:01"]
[BlackClock "0:00:03"]

1. d4 Nf6 2. c4 e6 3. Nc3 Bb4 4. e3 O-O 5. Ne2 c6 6. a3 Ba5 7. b4 Bc7 8. f4 d5 9. Ng3 a5 10. Bd2 axb4 11. axb4 Rxa1 12. Qxa1 Qe7 13. Qb2 dxc4 14. Bxc4 b5 15. Be2 Na6 16. Nce4 Nd5 17. Nc5 Nxc5 18. bxc5 f6 19. O-O e5 20. Bd3 exf4 21. exf4 f5 22. Re1 Qf6 23. Re5 Bxe5 24. dxe5 Qe7 25. Qc2 g6 26. Ne2 Bd7 27. Nd4 Ra8 28. g3 Ra4 29. Nb3 Nb4 30. Bxb4 Rxb4 31. Qc3 Ra4 32. Nd4 Be8 33. Qb3+ Bf7 34. Qc3 Bd5 35. Kf2 Qa7 0-1


[Site "https://www.chess.com"]

[Event "Titled Tuesday Blitz March 21 Late 2023"]
[White "Ladan, Nicholas"]
[Black "Itkis, Boris"]
[WhiteFideId "30918855"]
[BlackFideId "1209167"]
[WhiteElo "2167"]
[BlackElo "2216"]
[Result "1-0"]
[Round "02"]
[TimeControl "180+2"]
[Date "2023.03.21"]
[WhiteClock "0:01:33"]
[BlackClock "0:00:43"]

1. d4 d5 2. Bf4 Nf6 3. e3 c5 4. c3 Nc6 5. Nd2 Bf5 6. Bb5 e6 7. Ngf3 Qb6 8. Qa4 a6 9. Bxc6+ Qxc6 10. Qxc6+ bxc6 11. Ne5 Rc8 12. Nb3 Nd7 13. Na5 Nxe5 14. Bxe5 f6 15. Bg3 Kd7 16. Kd2 Bd6 17. Bxd6 Kxd6 18. b4 c4 19. Nb7+ Kc7 20. Nc5 Kb6 21. f3 Bg6 22. Nxe6 Rhe8 23. Nc5 Re7 24. a4 Rce8 25. a5+ Ka7 26. Rae1 h6 27. h4 f5 28. h5 Bh7 29. Rhg1 Rf8 30. Ke2 Rfe8 31. Kf2 Rf8 32. g4 fxg4 33. Rxg4 Rf5 34. Reg1 Rff7 35. R1g3 Bf5 36. Rf4 Bc2 37. Rxf7 Rxf7 38. Rh3 Bd1 39. Ne6 Rf6 40. Nf4 Kb7 41. Rg3 Rf7 42. Rg6 Kc7 43. Rxg7 Rxg7 44. Ne6+ Kd6 45. Nxg7 Bc2 46. Ne8+ Kd7 47. Nf6+ Ke6 48. Ng4 1-0


[Site "https://www.chess.com"]

[Event "Titled Tuesday Blitz March 21 Late 2023"]
[White "Goncalves, Davi Sulzbacher"]
[Black "Smith, Garrett L"]
[WhiteFideId "2154510"]
[BlackFideId "2024829"]
[WhiteElo "2182"]
[BlackElo "2311"]
[Result "1-0"]
[Round "02"]
[TimeControl "180+2"]
[Date "2023.03.21"]
[WhiteClock "0:01:36"]
[BlackClock "0:01:20"]

1. Nf3 c5 2. d4 cxd4 3. Nxd4 Nc6 4. g3 e5 5. Nb5 d6 6. Bg2 Be6 7. O-O Be7 8. b3 d5 9. Bxd5 Bxd5 10. Qxd5 Nf6 11. Qxd8+ Rxd8 12. Bb2 a6 13. N5a3 O-O 14. Nc4 Nd7 15. a4 b5 16. axb5 axb5 17. Ne3 Nc5 18. Nc3 Bg5 19. Nxb5 Bxe3 20. fxe3 Ne4 21. Rfd1 h6 22. c4 f5 23. Ba3 Rf7 24. Rxd8+ Nxd8 25. Rd1 Ne6 26. Rd5 1-0


[Site "https://www.chess.com"]

[Event "Titled Tuesday Blitz March 21 Late 2023"]
[White "Coelho, Ramyres Santana"]
[Black "Kretchetov, Alexandre"]
[WhiteFideId "2120690"]
[BlackFideId "4124588"]
[WhiteElo "1888"]
[BlackElo "2514"]
[Result "0-1"]
[Round "02"]
[TimeControl "180+2"]
[Date "2023.03.21"]
[WhiteClock "0:00:17"]
[BlackClock "0:00:19"]

1. e4 e5 2. Nf3 Nc6 3. d4 exd4 4. Bc4 Bc5 5. c3 Nf6 6. e5 d5 7. Bb5 Ne4 8. O-O O-O 9. cxd4 Bb6 10. Nc3 Bg4 11. Be3 f6 12. Bxc6 bxc6 13. h3 Bh5 14. exf6 Qxf6 15. g4 Qxf3 16. Qxf3 Rxf3 17. gxh5 Nxc3 18. Kg2 Rxe3 19. fxe3 Ne4 20. Rac1 c5 21. dxc5 Nxc5 22. Rfd1 Rd8 23. b4 Ne4 24. a4 a5 25. bxa5 Bxa5 26. h6 gxh6 27. Kh2 c5 28. Rg1+ Kf7 29. Rcf1+ Nf6 30. Rf5 Rd6 31. Rb1 Bb4 32. a5 Bxa5 33. Rb7+ Ke6 34. Rf3 Bc3 35. Rb3 Be5+ 36. Kg2 c4 37. Rb8 c3 38. Rc8 Ra6 39. Rf2 Ra7 40. Rc6+ Ke7 41. Rc2 Kd7 42. R6xc3 Bxc3 43. Rxc3 Ke6 44. Rc6+ Kf5 45. Rc2 Rg7+ 46. Kh2 Ne4 47. Rc1 Ra7 48. Rf1+ Ke5 49. h4 Ra2+ 50. Kh3 h5 51. Rf5+ Ke6 52. Re5+ Kd6 53. Rxd5+ Kc6 54. Rxh5 Ra7 55. Rh6+ Kd5 56. Rh5+ Ke6 57. Rh6+ Kf5 58. Rh5+ Kg6 59. Re5 Nf6 60. Re6 Ra4 61. e4 Rxe4 62. Rxe4 Nxe4 63. Kg4 h5+ 64. Kf4 Nf6 65. Kf3 Kf5 66. Kg3 Ke4 67. Kh3 Kf4 68. Kh2 Kg4 69. Kg2 Kxh4 70. Kh2 Kg4 71. Kg2 h4 72. Kh2 Ne4 73. Kg2 h3+ 74. Kh2 Kh4 75. Kg1 Kg3 76. Kh1 Nf2+ 77. Kg1 h2+ 78. Kf1 h1=Q+ 79. Ke2 Qe4+ 80. Kf1 Ng4 81. Kg1 Qe1# 0-1


[Site "https://www.chess.com"]

[Event "Titled Tuesday Blitz March 21 Late 2023"]
[White "Carbone, Diego"]
[Black "Stachanczyk, Jacek"]
[WhiteFideId "3002179"]
[BlackFideId "1116657"]
[WhiteElo "2266"]
[BlackElo "2084"]
[Result "1-0"]
[Round "02"]
[TimeControl "180+2"]
[Date "2023.03.21"]
[WhiteClock "0:02:15"]
[BlackClock "0:01:00"]

1. d4 Nf6 2. c4 g6 3. g3 c6 4. Nf3 Bg7 5. Bg2 O-O 6. O-O d5 7. b3 dxc4 8. bxc4 c5 9. Bb2 Nc6 10. d5 Na5 11. Nbd2 e6 12. e4 exd5 13. cxd5 Re8 14. Re1 Nxe4 15. Bxg7 Nxd2 16. Rxe8+ Qxe8 17. Qxd2 Kxg7 18. Qxa5 1-0


[Site "https://www.chess.com"]

[Event "Titled Tuesday Blitz March 21 Late 2023"]
[White "angelgab3"]
[Black "sebastianmarinp"]
[WhiteElo "2511"]
[BlackElo "2306"]
[Result "1-0"]
[Round "02"]
[TimeControl "180+2"]
[Date "2023.03.21"]
[WhiteClock "0:01:05"]
[BlackClock "0:00:16"]

1. e4 e5 2. Nf3 Nc6 3. Bc4 Nf6 4. d3 Be7 5. Nc3 O-O 6. Bg5 h6 7. Be3 d6 8. h3 Na5 9. a3 Nxc4 10. dxc4 Be6 11. Qe2 Qd7 12. O-O-O Qc6 13. Nd5 Rfe8 14. Nd2 Bd8 15. g4 Nd7 16. h4 Nb6 17. g5 h5 18. Bxb6 axb6 19. Qxh5 Qc5 20. Rdg1 Bxd5 21. exd5 Qxf2 22. Rf1 1-0


[Site "https://www.chess.com"]

[Event "Titled Tuesday Blitz March 21 Late 2023"]
[White "Roberson, Peter T"]
[Black "Sarkar, Justin"]
[WhiteFideId "412384"]
[BlackFideId "2010011"]
[WhiteElo "2346"]
[BlackElo "2189"]
[Result "0-1"]
[Round "02"]
[TimeControl "180+2"]
[Date "2023.03.21"]
[WhiteClock "0:00:14"]
[BlackClock "0:00:06"]

1. Nf3 d5 2. g3 g6 3. Bg2 Bg7 4. O-O e5 5. d3 c5 6. c4 d4 7. e3 Nc6 8. exd4 exd4 9. Re1+ Nge7 10. Bf4 O-O 11. Ne5 Nxe5 12. Bxe5 Nc6 13. Bxg7 Kxg7 14. Nd2 Bf5 15. Ne4 Qb6 16. Rb1 Rfe8 17. Qd2 Rad8 18. a3 a5 19. Qf4 Ne5 20. Qd2 a4 21. Qc2 Bg4 22. Nd2 Bf5 23. Ne4 Bg4 24. Nd2 Bf5 25. Be4 Bxe4 26. Rxe4 f5 27. Re2 Qc6 28. Rbe1 Ng4 29. h3 Nf6 30. Nf3 Qxf3 31. Re7+ Rxe7 32. Rxe7+ Kf8 33. Rc7 Re8 34. Qc1 Kg8 35. Rxc5 Re2 36. Rc8+ Kf7 37. Rc7+ Ke6 38. Qf1 Qxd3 39. Rxb7 Ne4 40. Rb8 Qd2 41. Re8+ Kd7 42. c5 Re1 0-1


[Site "https://www.chess.com"]

[Event "Titled Tuesday Blitz March 21 Late 2023"]
[White "MunichMouse"]
[Black "Romero Pallares, Daniel"]
[BlackFideId "32025637"]
[WhiteElo "2299"]
[BlackElo "2195"]
[Result "1-0"]
[Round "02"]
[TimeControl "180+2"]
[Date "2023.03.21"]
[WhiteClock "0:00:33"]
[BlackClock "0:00:04"]

1. d4 g6 2. c4 Bg7 3. g3 d6 4. Bg2 Nf6 5. e4 O-O 6. Ne2 e5 7. O-O Nc6 8. d5 Ne7 9. h3 a5 10. Nbc3 Nd7 11. f4 f5 12. Be3 b6 13. Qd2 Nc5 14. fxe5 dxe5 15. Bxc5 bxc5 16. Na4 Qd6 17. Qe3 f4 18. Qxc5 g5 19. Rac1 Bd7 20. Qxd6 cxd6 21. Nb6 Ra7 22. Nxd7 Rxd7 23. c5 dxc5 24. Rxc5 Rb8 25. b3 Nc8 26. Rfc1 Nd6 27. Rxa5 h5 28. Bf3 h4 29. gxh4 gxh4 30. Bg4 Rdb7 31. Bf3 Bf8 32. Rc6 Rb4 33. Nc3 Rd4 34. Raa6 Rd3 35. Bg4 Rg3+ 36. Kf1 Rb4 37. Rxd6 Bxd6 38. Ne2 Bc5 39. Nxg3 hxg3 40. d6 Rd4 41. d7 f3 42. Bxf3 Rxd7 43. Rg6+ Kf7 44. Rxg3 Be3 45. Bh5+ Kf8 46. Rxe3 Rh7 47. Bg4 1-0


[Site "https://www.chess.com"]

[Event "Titled Tuesday Blitz March 21 Late 2023"]
[White "Vaglio Munoz, Jaime"]
[Black "Bolanos, Fernando"]
[WhiteFideId "6500145"]
[BlackFideId "3304094"]
[WhiteElo "2199"]
[BlackElo "2166"]
[Result "0-1"]
[Round "02"]
[TimeControl "180+2"]
[Date "2023.03.21"]
[WhiteClock "0:00:14"]
[BlackClock "0:00:05"]

1. Nf3 d5 2. c4 e6 3. b3 Nf6 4. Bb2 Be7 5. g3 O-O 6. Bg2 a5 7. O-O a4 8. Nc3 a3 9. Bc1 Nbd7 10. d4 dxc4 11. bxc4 Nb6 12. Qb3 Bd7 13. c5 Nbd5 14. Bxa3 Nxc3 15. Qxc3 Nd5 16. Qb2 b5 17. e4 b4 18. exd5 bxa3 19. Qc3 exd5 20. Ne5 Bb5 21. Rfe1 Bf6 22. c6 Re8 23. Nd7 Rxe1+ 24. Rxe1 Bc4 25. h4 Bxa2 26. Qc5 Bb3 27. Bxd5 Be7 28. Rxe7 a2 29. Bxb3 a1=Q+ 30. Kg2 Qa3 31. Bxf7+ Kh8 32. Qe5 Qdxe7 33. Be6 Qad6 34. Qf5 Qdxe6 35. Qb5 Qe4+ 36. Kh2 Ra2 37. Qb8+ Qe8 38. Qa7 Rxf2+ 39. Kh3 Qf5+ 40. g4 Qf3# 0-1


[Site "https://www.chess.com"]

[Event "Titled Tuesday Blitz March 21 Late 2023"]
[White "Liu, Kelsey"]
[Black "Miszler, Levente"]
[WhiteFideId "30944481"]
[BlackFideId "763276"]
[WhiteElo "2292"]
[BlackElo "2176"]
[Result "0-1"]
[Round "02"]
[TimeControl "180+2"]
[Date "2023.03.21"]
[WhiteClock "0:00:09"]
[BlackClock "0:00:21"]

1. e4 c6 2. d4 d5 3. e5 Bf5 4. Nc3 e6 5. g4 Bg6 6. Nge2 Ne7 7. h4 h5 8. Nf4 hxg4 9. Nxg6 Nxg6 10. Qxg4 Rxh4 11. Rxh4 Qxh4 12. Qf3 Qxd4 13. Be3 Qxe5 14. O-O-O Nd7 15. Bd3 Ne7 16. Bf4 Qf6 17. Qg3 e5 18. Bg5 Qd6 19. f4 O-O-O 20. fxe5 Nxe5 21. Bf4 Nxd3+ 22. Rxd3 Qg6 23. Qh3+ Qf5 24. Qe3 Ng6 25. Bh2 d4 26. Rxd4 Rxd4 27. Qxd4 Bc5 28. Qxg7 Qf1+ 29. Kd2 Qf2+ 30. Ne2 Qxh2 31. Qg8+ Nf8 32. Qxf7 Qd6+ 33. Ke1 Qe6 34. Qg7 Nd7 35. c3 Qxa2 36. Qh8+ Kc7 37. b4 Bd6 38. Nd4 Qa1+ 39. Kd2 Qb2+ 40. Kd3 Ne5+ 41. Ke4 Qxc3 42. Ne6+ Kd7 43. Ng7 Qf3+ 44. Kd4 Qd3# 0-1


[Site "https://www.chess.com"]

[Event "Titled Tuesday Blitz March 21 Late 2023"]
[White "Maurizzi, Marc`Andria"]
[Black "Prieto Aranguren, Alain"]
[WhiteFideId "36083534"]
[BlackFideId "2268906"]
[WhiteElo "2421"]
[BlackElo "2209"]
[Result "1-0"]
[Round "02"]
[TimeControl "180+2"]
[Date "2023.03.21"]
[WhiteClock "0:02:44"]
[BlackClock "0:01:13"]

1. d4 Nf6 2. Nf3 g6 3. g3 Bg7 4. Bg2 O-O 5. O-O d6 6. Re1 Nc6 7. d5 Nb8 8. e4 e5 9. dxe6 fxe6 10. e5 Ng4 11. exd6 cxd6 12. h3 Ne5 13. Nxe5 Bxe5 14. Nd2 Nc6 15. Nc4 Bd4 16. Be3 Bxe3 17. Rxe3 d5 18. Nd2 Qb6 19. Nb3 Bd7 20. c4 d4 21. c5 Qc7 22. Nxd4 Nxd4 23. Qxd4 Rad8 24. Qe5 Qc8 25. Rd1 Bc6 26. Rxd8 Qxd8 27. Qxe6+ Kg7 28. Bxc6 bxc6 29. Qe7+ 1-0


[Site "https://www.chess.com"]

[Event "Titled Tuesday Blitz March 21 Late 2023"]
[White "TigranHH"]
[Black "Koutlas, Nikolaos"]
[BlackFideId "25827138"]
[WhiteElo "2291"]
[BlackElo "2215"]
[Result "1/2-1/2"]
[Round "02"]
[TimeControl "180+2"]
[Date "2023.03.21"]
[WhiteClock "0:00:39"]
[BlackClock "0:00:13"]

1. d4 e6 2. c4 a6 3. Nf3 b5 4. b3 Bb7 5. e3 Nf6 6. Bd3 c5 7. O-O cxd4 8. exd4 Be7 9. cxb5 axb5 10. Bxb5 h5 11. Nc3 h4 12. h3 Qa5 13. Bd2 Bb4 14. a4 Bxc3 15. Bxc3 Qxc3 16. Rc1 Qb4 17. Rc7 Ba6 18. Ne5 O-O 19. Rc4 Qd6 20. Ng4 Nxg4 21. Qxg4 Nc6 22. Qxh4 Bxb5 23. axb5 Na5 24. Rc5 g6 25. Rh5 gxh5 26. Qg5+ Kh7 27. Qxh5+ Kg7 28. Qg5+ Kh8 29. Qh6+ Kg8 30. Qg5+ Kh8 31. Qh6+ Kg8 32. Qg5+ Kh7 33. Qh5+ Kg7 34. Qg5+ Kh8 1/2-1/2


[Site "https://www.chess.com"]

[Event "Titled Tuesday Blitz March 21 Late 2023"]
[White "Jimenez, Joaquin"]
[Black "Escanor89"]
[WhiteFideId "109860"]
[WhiteElo "2163"]
[BlackElo "2496"]
[Result "0-1"]
[Round "02"]
[TimeControl "180+2"]
[Date "2023.03.21"]
[WhiteClock "0:00:09"]
[BlackClock "0:00:15"]

1. e4 c5 2. Nf3 e6 3. d4 cxd4 4. Nxd4 Nf6 5. Nc3 Nc6 6. Ndb5 Bc5 7. Nd6+ Ke7 8. Bf4 e5 9. Nf5+ Kf8 10. Bg5 Bb4 11. Bc4 d5 12. Bxd5 Bxf5 13. Bxf6 Qxf6 14. exf5 Rd8 15. O-O Ne7 16. Ne4 Qxf5 17. Ng3 Qf4 18. c4 h5 19. Qb3 Nxd5 20. cxd5 h4 21. Ne2 Qe4 22. Nc3 Bxc3 23. bxc3 h3 24. Qb4+ Qxb4 25. cxb4 hxg2 26. Kxg2 Rxd5 27. Rac1 g6 28. Rc7 Rb5 29. a3 Rh4 30. Rd1 Rf4 31. Rdd7 e4 32. h4 Rbf5 33. Rxb7 Rxf2+ 34. Kg3 R2f3+ 35. Kg4 Kg7 36. Re7 e3 37. a4 Kh6 38. Re4 e2 39. h5 e1=Q 40. Rxe1 R5f4# 0-1


[Site "https://www.chess.com"]

[Event "Titled Tuesday Blitz March 21 Late 2023"]
[White "Tsyhanchuk, Stanislav"]
[Black "Kozin, Yuri"]
[WhiteFideId "13505130"]
[BlackFideId "4129920"]
[WhiteElo "2173"]
[BlackElo "2495"]
[Result "0-1"]
[Round "02"]
[TimeControl "180+2"]
[Date "2023.03.21"]
[WhiteClock "0:00:03"]
[BlackClock "0:00:14"]

1. e4 c5 2. Nf3 e6 3. Nc3 d6 4. d4 cxd4 5. Nxd4 Nf6 6. Be2 Be7 7. O-O a6 8. f4 O-O 9. Be3 Nc6 10. g4 Nxd4 11. Bxd4 Qc7 12. g5 Nd7 13. h4 b5 14. f5 b4 15. Na4 e5 16. Be3 Re8 17. b3 Bb7 18. Bf3 Bf8 19. h5 d5 20. exd5 e4 21. Bg2 Nc5 22. g6 Nxa4 23. bxa4 Qg3 24. Bf2 Qg5 25. Qd4 e3 26. Bh4 Qxh5 27. Bf3 Qxf5 28. gxf7+ Qxf7 29. Rae1 Rac8 30. Bg4 Qg6 31. Kh1 Re4 32. Be6+ Rxe6 33. Qf4 Bxd5+ 34. Rf3 Bxf3+ 35. Qxf3 Rxc2 36. Rf1 Rc8 37. Qd5 Qh6 38. Rf4 e2 39. Re4 Qxh4+ 40. Rxh4 e1=Q+ 41. Kg2 Rc2+ 42. Kf3 Rf2+ 43. Kg4 Qg1+ 44. Kh5 Qg6# 0-1


[Site "https://www.chess.com"]

[Event "Titled Tuesday Blitz March 21 Late 2023"]
[White "Cyfka, Karina"]
[Black "rionelG"]
[WhiteFideId "1122681"]
[WhiteElo "2241"]
[BlackElo "2275"]
[Result "0-1"]
[Round "02"]
[TimeControl "180+2"]
[Date "2023.03.21"]
[WhiteClock "0:00:27"]
[BlackClock "0:00:05"]

1. e4 c5 2. Nf3 d6 3. d4 cxd4 4. Nxd4 Nf6 5. Nc3 a6 6. Be3 e5 7. Nb3 Be7 8. f3 Be6 9. Qd2 O-O 10. O-O-O a5 11. a4 Nc6 12. g4 Nb4 13. Kb1 d5 14. g5 Nxe4 15. fxe4 d4 16. Nxd4 exd4 17. Qxd4 Bxg5 18. Rg1 Qxd4 19. Bxd4 Bh6 20. Bb5 Rfd8 21. Bb6 Rxd1+ 22. Rxd1 Bf4 23. Bxa5 Nc6 24. Bxc6 bxc6 25. Rd8+ Rxd8 26. Bxd8 Bxh2 27. a5 Bc8 28. Na4 Bd6 29. c4 h5 30. c5 Bg3 31. b4 h4 32. Bxh4 Bxh4 33. b5 cxb5 34. Nb6 Bb7 35. Nd5 Bd8 36. Kc2 Bxa5 37. c6 Ba8 38. c7 Bxc7 39. Nxc7 Bxe4+ 40. Kc3 g5 41. Nxb5 g4 42. Kd4 g3 43. Ke3 g2 44. Kf2 Kg7 45. Nd4 Kg6 46. Ne2 Kg5 47. Nc3 Bc6 48. Ne2 Kg4 49. Nd4 Bd5 50. Ne2 f6 51. Nd4 Kh3 52. Kg1 Kg3 53. Ne2+ Kf3 54. Nd4+ Ke4 55. Ne2 f5 56. Nc3+ Kd4 57. Nxd5 Kxd5 58. Kxg2 Ke4 59. Kg1 Kf3 60. Kf1 f4 61. Ke1 Kg2 0-1


[Site "https://www.chess.com"]

[Event "Titled Tuesday Blitz March 21 Late 2023"]
[White "Urbina Perez, Juan Antonio"]
[Black "Einarsson, Halldor Gretar"]
[WhiteFideId "2217368"]
[BlackFideId "2300150"]
[WhiteElo "2197"]
[BlackElo "2142"]
[Result "1-0"]
[Round "02"]
[TimeControl "180+2"]
[Date "2023.03.21"]
[WhiteClock "0:00:53"]
[BlackClock "0:00:02"]

1. c4 c5 2. Nf3 Nf6 3. g3 g6 4. Bg2 Bg7 5. O-O O-O 6. Nc3 Nc6 7. Rb1 d5 8. cxd5 Nxd5 9. Nxd5 Qxd5 10. a3 Bf5 11. d3 Qd7 12. Qc2 Rac8 13. Re1 b6 14. Qa4 Bh3 15. Bh1 Rfd8 16. Be3 h5 17. b4 cxb4 18. axb4 Bc3 19. Bd2 Nd4 20. Qxd7 Rxd7 21. Bxc3 Rxc3 22. Nxd4 Rxd4 23. f4 Rc2 24. Bf3 Ra2 25. Kf2 Rxd3 26. Ra1 Rxa1 27. Rxa1 Rd7 28. Rc1 Be6 29. Ke3 b5 30. Rc5 Bc4 31. Bc6 Rd6 32. Bxb5 Re6+ 33. Kd4 Bxe2 34. Rc8+ Kg7 35. Be8 Rb6 36. Kc3 Bg4 37. Rc7 Be6 38. Ba4 a6 39. Rxe7 Kf6 40. Rc7 Rd6 41. Rc5 Bf5 42. Bb3 Rd3+ 43. Kb2 Rd2+ 44. Kc3 Rxh2 45. Rc6+ Kg7 46. Rxa6 Rg2 47. Ra7 Rxg3+ 48. Kb2 Rg2+ 49. Kc3 Rg3+ 50. Kb2 Rg2+ 51. Ka3 Rg3 52. Ka4 h4 53. Bxf7 Kh6 54. Bd5 h3 55. b5 Rg4 56. b6 Rxf4+ 57. Ka5 1-0


[Site "https://www.chess.com"]